 Dungeon Crawl Stone Soup version 0.30-a0-778-g2ef04afb54 (webtiles) character file.

Game seed: 1074274367300945320

1239 Goldberg the Spear-Bearer (level 8, -2/61 HPs)
             Began as a Human Fighter on Feb 15, 2023.
             Was an Initiate of Trog.
             Slain by an ogre
             ... wielding a +0 giant spiked club
              (9 damage)
             ... on level 5 of the Dungeon.
             The game lasted 00:45:56 (4795 turns).

Goldberg the Spear-Bearer (Human Fighter)           Turns: 4795, Time: 00:45:56

Health: -2/61      AC: 13    Str: 18    XL:     8   Next: 78%
Magic:  2/2        EV:  5    Int:  8    God:    Trog [......]
Gold:   291        SH:  5    Dex: 16    Spells: 7/7 levels left

rFire   . . .      SeeInvis +    n - +2 trident (antimagic)
rCold   . . .      Faith    .    c - +0 buckler
rNeg    . . .      Spirit   .    j - +0 plate armour
rPois   .          Reflect  .    d - +0 helmet
rElec   .          Harm     .    (no cloak)
rCorr   .          Rampage  .    (no gloves)
Will    .....                    (no boots) Stlth
                                 (no amulet)
HPRegen 1.10/turn                e - ring of see invisible
MPRegen 0.08/turn                (no ring)

@: no status effects
A: agile 1, sense surroundings 1, regeneration 1
a: Renounce Religion


You were on level 5 of the Dungeon.
You worshipped Trog.
Trog was noncommittal.
You visited 1 branch of the dungeon, and saw 5 of its levels.

You collected 337 gold pieces.
You spent 46 gold pieces at shops.

Inventory:

Hand Weapons
 a - a +2 trident
 i - a +0 sling
 n - a +2 antimagic trident (weapon)
 r - a +0 halberd
Missiles
 s - 54 stones (quivered)
Armour
 c - a +0 buckler (worn)
 d - a +0 helmet (worn)
 j - a +0 plate armour (worn)
Jewellery
 e - a ring of see invisible (left hand)
Wands
 h - a wand of roots (12)
Scrolls
 k - a scroll of blinking
 l - 2 scrolls of amnesia
 m - a scroll of summoning
 p - 2 scrolls of teleportation
 v - a scroll of acquirement {unknown}
Potions
 b - 2 potions of haste
 f - 2 potions of curing
 g - a potion of invisibility
 o - 2 potions of flight
 q - a potion of lignification {unknown}
 t - a potion of degeneration {unknown}


   Skills:
 + Level 4.5 Fighting
 * Level 8.4 Polearms
 + Level 4.8 Armour
 + Level 3.8 Shields


You had 7 spell levels left.
You didn't know any spells.
Your spell library contained the following spells:

 Spells                   Type           Power      Damage    Failure   Level
 Apportation              Tloc           0%         N/A       100%        1
 Necrotise                Necr           0%         1d4       100%        1
 Summon Small Mammal      Summ           0%         N/A       100%        1
 Call Canine Familiar     Summ           0%         N/A       100%        3
 Summon Guardian Golem    Hex/Summ       0%         N/A       100%        3


Dungeon Overview and Level Annotations

Branches:
Dungeon (5/15)
 Temple: D:4-7

Altars:
Trog
Vehumet

Shops:
D:2 *

Annotations:
D:5 3 runed translucent doors, MrShunz's ghost, amateur VSBr


Innate Abilities, Weirdness & Mutations

You are agile. (Dex +4, Str/Int -1)
You passively map a small area around you.
Your natural rate of healing is unusually fast.


Message History

You block the iguana's attack.
You hit the iguana.
The iguana is severely wounded.
The iguana bites you but does no damage.
You closely miss the iguana.
The iguana is severely wounded.
The iguana bites you but does no damage.
You hit the iguana.
You kill the iguana!
Trog accepts your kill.
You puncture the scorpion!
The scorpion is moderately wounded.
The scorpion stings you but does no damage.
You hit the scorpion.
The scorpion is severely wounded.
The scorpion stings you but does no damage.
You completely miss the scorpion.
The scorpion is severely wounded.
You block the scorpion's attack.
You puncture the scorpion!
You kill the scorpion!
Trog accepts your kill.
You barely miss the ogre. You hit the ogre.
The ogre is lightly wounded.
The ogre hits you with a +0 giant spiked club!
You hit the ogre.
The ogre is moderately wounded.
The ogre hits you with a +0 giant spiked club!!
* * * LOW HITPOINT WARNING * * *
As you read the scroll of fear, it crumbles to dust.
You assume a fearsome visage.
The ogre looks frightened!
You hit the ogre.
Your attack snaps the ogre out of its fear.
The ogre is heavily wounded.
The ogre closely misses you.
You barely miss the ogre.
The ogre is heavily wounded.
The ogre hits you with a +0 giant spiked club!
You die...

...#.#..#...#..##....'...+
.#.#.#.)..#.#.....##.#...#
,
.#...#.#..#...##.....#####
.#.....#.................
, ,
...##############.#######*
* #### #..# #.## # #O#
################@######
......................#
#####################.#
......#.............#.#
..................>.#.#
......#.######.....<#.#
..##..#.# #.###.##.#
..##..#.# #.#......#
..##..#.# #.#.#.#..#


You could see an ogre.

Vanquished Creatures
  A water moccasin (D:5)
  An ice beast (D:5)
  A black bear (D:5)
  3 ogres (D:5)
  A kobold brigand (D:5)
  A necrophage (D:5)
  A scorpion (D:5)
  A hound (D:5)
  A jelly (D:5)
  An orc priest (D:4)
  6 iguanas
  3 orc wizards
  7 gnolls
  5 adders
  4 dart slugs
  12 orcs
  6 ball pythons
  11 endoplasms
  6 giant cockroaches
  5 goblins
  9 hobgoblins
  2 jackals (D:1)
  2 kobolds (D:3)
  2 quokkas
  2 bats
  A frilled lizard (D:2)
  5 rats
100 creatures vanquished.

Notes
Turn   | Place    | Note
-------+----------+-------------------------------------------
     0 | D:1      | Goldberg the Human Fighter began the quest for the Orb.
     0 | D:1      | Reached XP level 1. HP: 18/18 MP: 1/1
   343 | D:1      | Reached XP level 2. HP: 24/24 MP: 2/2
   898 | D:2      | Reached XP level 3. HP: 29/29 MP: 3/3
  1138 | D:2      | Found Xamuapacoh's Assorted Antiques.
  1142 | D:2      | Bought a scroll of identify for 46 gold pieces
  1402 | D:2      | Gained mutation: You passively map a small area around you.
                  | [potion of mutation]
  1402 | D:2      | Gained mutation: Your natural rate of healing is unusually
                  | fast. [potion of mutation]
  1402 | D:2      | Gained mutation: You are agile. (Dex +4, Str/Int -1)
                  | [potion of mutation]
  1542 | D:2      | Reached skill level 3 in Polearms
  2047 | D:3      | Reached XP level 4. HP: 35/35 MP: 4/4
  2508 | D:3      | Reached XP level 5. HP: 41/41 MP: 5/5
  2874 | D:4      | Reached skill level 4 in Polearms
  2965 | D:4      | Reached XP level 6. HP: 47/47 MP: 6/6
  2976 | D:4      | Found a radiant altar of Vehumet.
  3176 | D:4      | Reached skill level 5 in Polearms
  3587 | D:5      | Entered Level 5 of the Dungeon
  3652 | D:5      | Found a bloodstained altar of Trog.
  3795 | D:5      | Became a worshipper of Trog the Wrathful
  3913 | D:5      | Reached XP level 7. HP: 31/53 MP: 2/7
  3967 | D:5      | Reached skill level 6 in Polearms
  4272 | D:5      | Reached skill level 7 in Polearms
  4272 | D:5      | Reached XP level 8. HP: 54/60 MP: 2/8
  4614 | D:5      | Found a runed translucent gate.
  4614 | D:5      | Found a runed translucent gate.
  4618 | D:5      | Found a runed translucent gate.
  4618 | D:5      | Noticed MrShunz's ghost (amateur VSBr)
  4771 | D:5      | Reached skill level 8 in Polearms
  4795 | D:5      | Slain by an ogre

Illustrated notes

Levels and vault maps discovered:
D:1:      erik_arrival_orb_chamber, layout_loops_ring, serial_glass,
          glass_columns_b, glass_columns_a, minmay_door_square,
          chequers_decorated_corner
D:2:      layout_basic, serial_shops, shop
D:3:      layout_rooms
D:4:      layout_cave_pools, lemuel_tele_altar
D:5:      minmay_thinvault, layout_basic, trog_antimagical,
          ebering_ghost_rock_garden

Skill      XL: |  1  2  3  4  5  6  7  8 |
---------------+-------------------------+-----
Polearms       | 3 4 5 7 8 |  8.4
Armour         | 4 |  4.8
Fighting       | 4 |  4.5
Shields        | |  3.8

Action                     |  1- 3 |  4- 6 |  7- 9 || total
---------------------------+-------+-------+-------++-------
  Melee: Trident           |    90 |   199 |   106 ||   395
    Use: Scroll            |    10 |     5 |     2 ||    17
         Potion            |     4 |     3 |       ||     7
 Armour: Scale mail        |     4 |       |       ||     4
         Plate armour      |    39 |   101 |    47 ||   187
  Dodge: Dodged            |    16 |    29 |    15 ||    60
  Block: Buckler           |    17 |    35 |    21 ||    73

Table legend: (Time is in decaauts)
 A = Elapsed time spent in this place.
 B = Non-inter-level travel time spent in this place.
 C = Inter-level travel time spent in this place.
 D = Time resting spent in this place.
 E = Time spent auto-exploring this place.
 F = Levels seen in this place.
 G = Mean time per level.
                   A        B        C        D        E       F      G
               +--------+--------+--------+--------+--------+-----+--------+
         Total |   4834 |   4831 |      3 |    235 |   2124 |   5 |  966.8 |
       Dungeon |   4834 |   4831 |      3 |    235 |   2124 |   5 |  966.8 |
               +--------+--------+--------+--------+--------+-----+--------+

Top non-repeatable levels by time:
     D:2: 1288 daAuts
     D:5: 1218 daAuts
     D:1: 863 daAuts
     D:3: 746 daAuts
     D:4: 716 daAuts
